 Dungeon Crawl Stone Soup version 0.29-a0-474-gdfe5cd140f (webtiles) character file.

Game seed: 12401319305163066583

20 Bruhh the Magician (level 2, -4/20 HPs)
             Began as a Demigod Air Elementalist on May 24, 2022.
             Engulfed by a cloud of flame (24 damage)
             ... on level 1 of the Dungeon.
             The game lasted 00:01:45 (866 turns).

Bruhh the Magician (Demigod Air Elementalist)        Turns: 866, Time: 00:01:46

Health: -4/20      AC:  2    Str:  9    XL:     2   Next: 42%
Magic:  8/8        EV: 12    Int: 17    God:
Gold:   23         SH:  0    Dex: 14    Spells: 5/6 levels left

rFire   . . .      SeeInvis .   (no weapon)
rCold   . . .      Faith    .   (no shield)
rNeg    . . .      Spirit   .   a - +0 robe
rPois   .          Reflect  .   (no helmet)
rElec   .          Harm     .   (no cloak)
rCorr   .          Rampage  .   (no gloves)
Will    .....                   (no boots)
Stlth   ++........              (no amulet)
HPRegen 0.06/turn               (no ring)
MPRegen 0.11/turn               (no ring)

@: no status effects
A: high MP 1, forlorn, divine attributes
a: no special abilities


You were on level 1 of the Dungeon.
You visited 1 branch of the dungeon, and saw 1 of its levels.

You collected 23 gold pieces.

Inventory:

Armour
 a - a +0 robe (worn)
Scrolls
 c - a scroll of immolation {unknown}
 f - a scroll of fog {unknown}
 g - a scroll of identify {unknown}
 i - a scroll of silence {unknown}
Potions
 b - a potion of magic
 d - a potion of might {unknown}
 e - a potion of cancellation {unknown}
 h - a potion of mutation {unknown}


   Skills:
 - Level 1.7 Dodging
 - Level 1.7 Stealth
 + Level 2.8 Spellcasting
 - Level 0.8 Conjurations
 - Level 2.6 Air Magic


You had 5 spell levels left.
You knew the following spells:

 Your Spells              Type           Power      Damage    Failure   Level
a - Shock                 Conj/Air       32%        1d5       9%          1

Your spell library contained the following spells:

 Spells                   Type           Power      Damage    Failure   Level
 Static Discharge         Conj/Air       8%         N/A       13%         2
 Summon Small Mammal      Summ           8%         N/A       19%         1
 Swiftness                Air            11%        N/A       19%         3
 Airstrike                Air            5%         N/A       52%         4


Dungeon Overview and Level Annotations

Branches:
Dungeon (1/15)

Shops:
D:1 *


Innate Abilities, Weirdness & Mutations

You have an increased reservoir of magic. (+10% MP)
You shall have no god before yourself.
Your divine heritage dramatically boosts your attributes as you level up.


Message History

g - a scroll labelled YSIGEQ GIETU You now have 23 gold pieces (gained 9).
You open the door.
A hobgoblin comes into view.
That beam is likely to hit you.
Continue anyway? [Y]es or [N]o only, please.
That beam is likely to hit you.
Continue anyway? [Y]es or [N]o only, please.
That beam is likely to hit you.
Continue anyway?
The zap hits the hobgoblin.
The hobgoblin is lightly wounded.
The hobgoblin shouts!
The zap hits the hobgoblin.
The hobgoblin is severely wounded.
The zap hits you. That beam is likely to hit you.
Continue anyway? [Y]es or [N]o only, please.
That beam is likely to hit you.
Continue anyway?
The zap hits the hobgoblin.
You kill the hobgoblin!
The zap hits you.
You open the door. You open the door.
There is an open door here.
You open the door.
There is an open door here.
h - a grey potion You open the door.
i - a scroll labelled IQOCRU FILILYCH A hobgoblin comes into view.
A hobgoblin is nearby!
A hobgoblin is nearby!
The hobgoblin is engulfed in blazing flames.
The hobgoblin dies!
Really walk into that cloud of flame? [Y]es or [N]o only, please.
Really walk into that cloud of flame?
You are engulfed in blazing flames.
Ouch! That really hurt!
You die...

....#.#..# #..§#
........ ....+....#
#.§.# #####.
....#.##.#####...##
### ####.
....#.##>.§§§.)...§
..# #..^.
#####.##..§☼§..?..
..# #####. # ..##..§
..$.?. #.# ...... #
#..!# #.# ###.#.
#§§.# #.# ####.#.
#☼☼@# #.# #......
#☼§§# ##.######.#.
#...#####...........
##........#######.##
########## #... ####
###### #.....


There were no monsters in sight!

Vanquished Creatures
  A dart slug (D:1)
  4 ball pythons (D:1)
  2 endoplasms (D:1)
  A giant cockroach (D:1)
  A goblin (D:1)
  A hobgoblin (D:1)
  2 bats (D:1)
  4 kobolds (D:1)
  2 rats (D:1)
18 creatures vanquished.

Vanquished Creatures (others)
  A hobgoblin (D:1)
1 creature vanquished.

Grand Total: 19 creatures vanquished

Notes
Turn   | Place    | Note
-------+----------+-------------------------------------------
     0 | D:1      | Bruhh the Demigod Air Elementalist began the quest for the
                  | Orb.
     0 | D:1      | Reached XP level 1. HP: 14/14 MP: 5/5
   281 | D:1      | Reached XP level 2. HP: 20/20 MP: 4/8
   488 | D:1      | Found Cipnirao's General Store.
   580 | D:1      | Got Plato's Collected Works on Summoning
   866 | D:1      | Engulfed by a cloud of flame

Illustrated notes

Levels and vault maps discovered:
D:1:      shiori_arrival_oz, layout_basic, shapermc_ecumenical_altar_rom_forum,
          serial_shops, nicolae_shop_advertising_works
          [nicolae_subvault_shop_adworks], lemuel_flame_loot_1

Skill      XL: |  1 |
---------------+----+-----
Spellcasting   | 2 |  2.8
Dodging        | |  1.7
Stealth        | |  1.7
Conjurations   | |  0.8
Air Magic      | |  2.6

Action                   || total
-------------------------++-------
 Cast: Shock             ||    30
Dodge: Dodged            ||     3

Table legend: (Time is in decaauts)
 A = Elapsed time spent in this place.
 B = Non-inter-level travel time spent in this place.
 C = Inter-level travel time spent in this place.
 D = Time resting spent in this place.
 E = Time spent auto-exploring this place.
 F = Levels seen in this place.
 G = Mean time per level.
                   A        B        C        D        E       F      G
               +--------+--------+--------+--------+--------+-----+--------+
         Total |    866 |    866 |      0 |      0 |    771 |   1 |  866.0 |
       Dungeon |    866 |    866 |      0 |      0 |    771 |   1 |  866.0 |
               +--------+--------+--------+--------+--------+-----+--------+

Top non-repeatable levels by time:
     D:1: 866 daAuts
